 Dungeon Crawl Stone Soup version 0.30-a0-778-g2ef04afb54 (webtiles) character file.

Game seed: 245766190092441212

344 Kenran the Cudgeller (level 6, -14/54 HPs)
             Began as an Armataur Fighter on Feb 15, 2023.
             Killed from afar by Ijyb (18 damage)
             ... with a bolt of acid
             ... on level 3 of the Dungeon.
             The game lasted 00:04:32 (2305 turns).

Kenran the Cudgeller (Armataur Fighter)             Turns: 2305, Time: 00:04:33

Health: -14/54     AC:  1    Str: 24    XL:     6   Next: 31%
Magic:  6/6        EV:  4    Int:  8    God:
Gold:   122        SH:  4    Dex:  9    Spells: 5/5 levels left

rFire   . . .      SeeInvis .    a - +0 flail
rCold   . . .      Faith    .    c - +0 buckler
rNeg    . . .      Spirit   .    k - +0 plate armour
rPois   .          Reflect  .    (no helmet)
rElec   .          Harm     .    (no cloak)
rCorr   .          Roll     +    (no gloves)
Will    .....                    (no barding) Stlth
                                 (no amulet)
HPRegen 1.09/turn                (no ring)
MPRegen 0.10/turn                (no ring)

@: corroded
A: large, rugged brown scales 3, deformed body, armoured tail, roll, long
tongue, awkward tongue, mutation resistance 1, regeneration 1
a: no special abilities


You were on level 3 of the Dungeon.
You visited 1 branch of the dungeon, and saw 3 of its levels.

You collected 122 gold pieces.

Inventory:

Hand Weapons
 a - a +0 flail (weapon)
Missiles
 d - a throwing net (quivered)
Armour
 c - a +0 buckler (worn)
 k - a +0 plate armour (worn)
Jewellery
 e - an amulet of faith {!P}
Wands
 q - a wand of polymorph (14)
Scrolls
 g - a scroll of blinking {unknown}
 h - a scroll of noise {unknown}
 j - a scroll of vulnerability {unknown}
 l - a scroll of amnesia {unknown}
 n - 3 scrolls of identify {unknown}
 p - a scroll of immolation {unknown}
Potions
 b - a potion of brilliance


   Skills:
 - Level 3.0 Fighting
 * Level 5.9 Maces & Flails
 - Level 4.0 Armour
 - Level 3.2 Shields


You had 5 spell levels left.
You didn't know any spells.
Your spell library contained the following spells:

 Spells                   Type           Power      Damage    Failure   Level
 Freeze                   Ice            0%         1d3       100%        1
 Frozen Ramparts          Ice            0%         1d1       100%        3
 Hailstorm                Conj/Ice       0%         3d3       100%        3


Dungeon Overview and Level Annotations

Branches:
Dungeon (3/15)

Altars:

Annotations:
D:3 Ijyb


Innate Abilities, Weirdness & Mutations

You are completely covered in rugged brown scales. (AC +3, +7% HP)
Armour fits poorly on your strangely shaped body.
You have a long armoured tail.
You roll when moving toward enemies. (Rampage)
Your long tongue fully drains potion bottles. (2x potion effects)
Your tongue gives you trouble enunciating. (1.5x scroll delay)
You are somewhat resistant to further mutation.
Your natural rate of healing is unusually fast.


Message History

You see here an adder corpse.
You now have 122 gold pieces (gained 15).
Items here: ))) ††.
You float gracefully downwards.
Things that are here:
a +0 halberd; a gnoll corpse You start resting.
You feel a little less clever now.
You feel less attractive to monsters.
HP restored.
Items here: ))) ††.
You see here an adder corpse.
You open the door.
There is an open door here.
Ijyb the Twisted Goblin comes into view.
She is wielding a +0 club, wearing a +2 leather armour of poison resistance and carrying a wand of acid (6).
Ijyb shouts!
Found a stone staircase leading down.
Ijyb zaps a wand.
The bolt of acid hits you! The acid corrodes you!
You roll towards Ijyb!
Ijyb zaps a wand.
The bolt of acid hits you! The acid corrodes you!
You are too injured to fight recklessly!
You are too injured to fight recklessly!
You are too injured to fight recklessly!
You are too injured to fight recklessly!
You barely miss Ijyb.
Ijyb zaps a wand.
The bolt of acid misses you. Ijyb hits you with a +0 club.
You hit Ijyb.
Your tail-slap misses Ijyb.
Ijyb is lightly wounded.
Ijyb zaps a wand.
The bolt of acid hits you!!
* * * LOW HITPOINT WARNING * * *
The acid corrodes you!
You closely miss Ijyb.
Ijyb is lightly wounded.
Ijyb hits you with a +0 club.
* * * LOW HITPOINT WARNING * * *
Okay, then.
You hit Ijyb.
Ijyb is moderately wounded.
Ijyb zaps a wand.
The bolt of acid hits you!!
You die...

#.#########
#>...g@...#
#+#+#####.#
........#
........##+####
..............#
..............#
..............#
.......#+#'####
....
.......#.#.##
....


You could see Ijyb.

Vanquished Creatures
  Grinder (D:3)
  6 gnolls
  5 adders
  A dart slug (D:2)
  A worm (D:3)
  2 ball pythons (D:1)
  3 endoplasms
  A giant cockroach (D:1)
  3 goblins
  3 hobgoblins
  5 quokkas
  3 bats
  2 frilled lizards
  6 kobolds
  2 rats
44 creatures vanquished.

Notes
Turn   | Place    | Note
-------+----------+-------------------------------------------
     0 | D:1      | Kenran the Armataur Fighter began the quest for the Orb.
     0 | D:1      | Reached XP level 1. HP: 19/19 MP: 1/1
    36 | D:1      | Reached skill level 2 in Maces & Flails
   147 | D:1      | Reached XP level 2. HP: 21/26 MP: 2/2
   863 | D:2      | Reached skill level 3 in Maces & Flails
   877 | D:2      | Reached XP level 3. HP: 27/33 MP: 3/3
   950 | D:2      | Identified the +3 leather armour of the Everdark {Rampage
                  | rElec Dex-2 SInv}
  1586 | D:2      | Reached XP level 4. HP: 14/40 MP: 4/4
  1875 | D:2      | Reached skill level 4 in Maces & Flails
  2179 | D:3      | Noticed Grinder
  2216 | D:3      | Reached XP level 5. HP: 32/48 MP: 5/5
  2223 | D:3      | Gained mutation: You are somewhat resistant to further
                  | mutation. [potion of mutation]
  2223 | D:3      | Gained mutation: Your natural rate of healing is unusually
                  | fast. [potion of mutation]
  2225 | D:3      | Paralysed by Grinder for 2 turns
  2237 | D:3      | Killed Grinder
  2238 | D:3      | Reached skill level 5 in Maces & Flails
  2238 | D:3      | Reached XP level 6. HP: 14/54 MP: 6/6
  2299 | D:3      | Noticed Ijyb
  2305 | D:3      | Killed from afar by Ijyb

Illustrated notes

Levels and vault maps discovered:
D:1:      minmay_arrival_hallway, layout_basic
D:2:      layout_basic, serial_co_window_serial, co_window_paths_a,
          co_window_paths_a, co_window_paths_a, co_window_corner_a,
          co_window_paths_a, co_window_broadway_a, co_window_cross_2,
          co_window_unsneaky_path_a, co_window_2corner, co_window_corner_b,
          co_window_of_opportunity_b, co_window_unsneaky_path_b,
          co_window_4corner_b, glass_columns_c, glass_columns_b,
          glass_columns_a, glass_columns_b, glass_columns_a, minmay_tromino_mix6
D:3:      layout_basic, serial_rivers, chequers_serial_rivers_large_b,
          chequers_serial_rivers_micro_c, chequers_serial_rivers_small_b,
          chequers_serial_rivers_micro_d, chequers_serial_rivers_small_3,
          minmay_misc_feat_doors, uniq_sigmund, uniq_ijyb, uniq_grinder

Skill      XL: |  1  2  3  4  5 |
---------------+----------------+-----
Maces & Flails | 2 3 4 5 |  5.9
Fighting       | 3 |  3.0
Armour         | 4 |  4.0
Shields        | |  3.2

Action                     |  1- 3 |  4- 6 || total
---------------------------+-------+-------++-------
  Melee: Flail             |    77 |    56 ||   133
         Tailslap          |     3 |     4 ||     7
         Unarmed           |       |    14 ||    14
    Use: Potion            |     1 |     6 ||     7
 Armour: Scale mail        |    12 |       ||    12
         Plate armour      |    26 |    33 ||    59
         Skin              |       |     8 ||     8
  Dodge: Dodged            |    21 |    38 ||    59
  Block: Buckler           |    10 |    16 ||    26

Table legend: (Time is in decaauts)
 A = Elapsed time spent in this place.
 B = Non-inter-level travel time spent in this place.
 C = Inter-level travel time spent in this place.
 D = Time resting spent in this place.
 E = Time spent auto-exploring this place.
 F = Levels seen in this place.
 G = Mean time per level.
                   A        B        C        D        E       F      G
               +--------+--------+--------+--------+--------+-----+--------+
         Total |   2336 |   2258 |     78 |      9 |   1804 |   3 |  778.7 |
       Dungeon |   2336 |   2258 |     78 |      9 |   1804 |   3 |  778.7 |
               +--------+--------+--------+--------+--------+-----+--------+

Top non-repeatable levels by time:
     D:2: 1285 daAuts
     D:1: 867 daAuts
     D:3: 183 daAuts
